 Dungeon Crawl Stone Soup version 0.26-a0-835-g8259106e14 (webtiles) character file.

Game seed: 10563005649363993915

1944 dickylongcocking the Fighter (level 8, -4/93 HPs)
             Began as a Red Draconian Conjurer on Nov 17, 2020.
             Slain by a wolf (7 damage)
             ... on level 5 of the Dungeon.
             The game lasted 00:09:17 (7471 turns).

dickylongcocking the Fighter (DrCj)                 Turns: 7471, Time: 00:09:18

Health: -4/93      AC:  6    Str: 16      XL:     8   Next: 98%
Magic:  7/11       EV: 11    Int: 20 (21) God:
Gold:   277        SH:  5    Dex:  9      Spells: 9/12 levels left

rFire    + . .     SeeInvis .   k - +2 hand axe (drain)
rCold    . . .     Faith    .   (no shield)
rNeg     . . .     Spirit   .   (armour unavailable)
rPois    .         Reflect  +   (helmet restricted)
rElec    .         Harm     +   f - scarf {harm}
rCorr    .         Rampage  .   (no gloves)
MR       .....                  (no boots)
Stlth    ++........             d - amulet of reflection
HPRegen  0.25/turn              a - +6 ring of strength
MPRegen  0.12/turn              (no ring)

@: heavily drained
A: breathe fire, unfitting armour, fangs 1, talons 1, fire resistance 1, low mp
1, robust 1, cold-blooded, AC +6
a: Breathe Fire


You were on level 5 of the Dungeon.
You visited 1 branch of the dungeon, and saw 5 of its levels.

You collected 277 gold pieces.

Inventory:

Hand Weapons
 c - a +0 short sword
 k - a +2 hand axe of draining (weapon)
Armour
 f - a scarf of harm (worn)
Jewellery
 a - a +6 ring of strength (left hand)
 d - an amulet of reflection (around neck)
Scrolls
 b - 2 scrolls of blinking {unknown}
 e - 8 scrolls of identify {unknown}
 g - 2 scrolls of magic mapping {unknown}
 h - 3 scrolls of enchant weapon {unknown}
 m - 5 scrolls of remove curse {unknown}
 o - a scroll of noise {unknown}
 q - a scroll of enchant armour {unknown}
Potions
 i - 2 potions of degeneration
 j - 2 potions of mutation
 p - 2 potions of resistance {unknown}


   Skills:
 - Level 12.5(9.4) Fighting
 - Level 0.8(0.0) Short Blades
 - Level 2.7(0.3) Dodging
 * Level 4.2(1.7) Stealth
 - Level 2.8(0.4) Spellcasting
 * Level 8.1(5.3) Conjurations


You had 9 spell levels left.
You knew the following spells:

 Your Spells              Type           Power        Failure   Level
a - Magic Dart            Conj           ###.         1%          1
b - Searing Ray           Conj           ###...       3%          2

Your spell library contained the following spells:

 Spells                   Type           Power        Failure   Level
 Dazzling Flash           Conj/Hex       ##....       19%         3
 Fulminant Prism          Conj/Hex       ##........   52%         4
 Iskenderun's Mystic Bla  Conj/Tloc      ##......     52%         4


Dungeon Overview and Level Annotations

Branches:
Dungeon (5/15)
 Temple: D:4-7

Altars:
Okawaru

Annotations:
D:4 Duvessa


Innate Abilities, Weirdness & Mutations

You can breathe blasts of fire.
Your fiery red scales are hard. (AC +6)
You cannot fit into any form of body armour.
Your flesh is heat resistant. (rF+)
You are cold-blooded and may be slowed by cold attacks.
You have very sharp teeth.
You have sharp toenails.
Your magical capacity is low. (-10% MP)
You are robust. (+10% HP)


Message History

(Press . to maintain the ray.)
The wolf bites you!
* * * LOW HITPOINT WARNING * * *
The gnoll sergeant barely misses you. You block the wolf's attack.
Unknown command.
Unknown command.
Unknown command.
The searing ray hits the wolf!
The wolf is almost dead.
The searing ray hits the gnoll sergeant.
You kill the gnoll sergeant!
The wolf closely misses you. The wolf completely misses you.
Unknown command.
Unknown command.
Unknown command.
Unknown command.
The searing ray hits the wolf.
The wolf is almost dead.
The wolf barely misses you. The wolf bites you.
You die...

#......# ......# .....#
#######....####
#.....#.......#
#....$'....##.## ###
#.....)....#...#####..#
##+#..#h..........#...###
#.⌠#.@.)...........#..
####....)....#.##.....
...#####..............^....
............#.........#....
.....#.....#...#....##....
................#...## #).
##..............#..## #..
#...........#...##.# #..
##.##....##.#......######..


You could see a wolf.

Vanquished Creatures
  Grinder (D:5)
  Sigmund (D:2)
  Eustachio (D:4)
  An ogre (D:5)
  A phantom (D:5)
  3 gnoll sergeants
  Dowan (D:4)
  2 howler monkeys (D:4)
  A bullfrog zombie (D:5)
  A gnoll shaman (D:5)
  An orc priest (D:4)
  6 hounds
  Jessica (D:3)
  Terence (D:3)
  2 orc wizards (D:5)
  2 worker ants (D:4)
  A howler monkey skeleton (D:4)
  17 gnolls
  6 adders
  2 ufetubi (D:5)
  2 oozes
  An adder skeleton (D:5)
  An adder zombie (D:5)
  A dart slug (D:4)
  2 leopard geckos
  7 orcs
  3 ball pythons
  A giant cockroach (D:5)
  7 goblins
  6 hobgoblins
  9 jackals
  6 kobolds
  2 quokkas
  7 bats
  8 frilled lizards
  5 rats
120 creatures vanquished.

Vanquished Creatures (others)
  5 plants (D:2)
5 creatures vanquished.

Grand Total: 125 creatures vanquished

Notes
Turn   | Place    | Note
-------+----------+-------------------------------------------
     0 | D:1      | dickylongcocking the Draconian Conjurer began the quest for
                  | the Orb.
     0 | D:1      | Reached XP level 1. HP: 14/14 MP: 3/3
   251 | D:1      | Reached XP level 2. HP: 18/20 MP: 0/5
   708 | D:1      | Learned a level 2 spell: Searing Ray
   796 | D:1      | Reached XP level 3. HP: 26/26 MP: 3/6
  1493 | D:2      | Found an iron altar of Okawaru.
  1619 | D:2      | Noticed Sigmund
  1636 | D:2      | Killed Sigmund
  1637 | D:2      | Reached skill level 5 in Conjurations
  1637 | D:2      | Reached XP level 4. HP: 20/34 MP: 4/8
  1637 | D:2      | Reached XP level 5. HP: 23/39 MP: 4/9
  2166 | D:2      | Reached skill level 1 in Fighting
  2673 | D:3      | Noticed Jessica
  2674 | D:3      | Noticed Terence
  2681 | D:3      | Killed Jessica
  2696 | D:3      | Reached skill level 12 in Fighting
  2696 | D:3      | Reached XP level 6. HP: 13/71 MP: 1/10
  3005 | D:3      | Killed Terence
  3244 | D:3      | Your scales start taking on a fiery red colour.
  3244 | D:3      | Reached XP level 7. HP: 77/78 MP: 5/11
  3244 | D:3      | Gained mutation: Your flesh is heat resistant. (rF+) [Red
                  | Draconian growth]
  3397 | D:4      | Noticed Eustachio
  3406 | D:4      | Killed Eustachio
  4456 | D:5      | Entered Level 5 of the Dungeon
  4526 | D:5      | Noticed Duvessa
  4526 | D:5      | Noticed Dowan
  5431 | D:5      | Reached XP level 8. HP: 83/85 MP: 12/12
  5551 | D:4      | Killed Dowan
  6624 | D:5      | Noticed Grinder
  6719 | D:5      | Killed Grinder
  7271 | D:5      | Gained mutation: You have very sharp teeth. [potion of
                  | mutation]
  7271 | D:5      | Gained mutation: You have sharp toenails. [potion of
                  | mutation]
  7271 | D:5      | Gained mutation: Your magical capacity is low. (-10% MP)
                  | [potion of mutation]
  7271 | D:5      | Gained mutation: You are robust. (+10% HP) [potion of
                  | mutation]
  7469 | D:5      | HP: 2/93 [wolf (13)]
  7471 | D:5      | Slain by a wolf

Illustrated notes

Levels and vault maps discovered:
D:1:      dpeg_arrival_water_fire, layout_basic, minmay_heptomino_w4
D:2:      cheibrodos_old_hovel, layout_rooms, lemuel_round_altar, uniq_sigmund
D:3:      minmay_evil_eye, layout_basic, uniq_terence, uniq_jessica
D:4:      layout_basic, uniq_eustachio
D:5:      layout_cave_pools, minitemple, serial_gnoll_camp,
          gnoll_camp_huts_moat, gnoll_camp_mini_house, gnoll_camp_mini_hut,
          gnoll_camp_medium_02, uniq_duvessa, uniq_grinder

Skill      XL: |  1  2  3  4  5  6  7  8 |
---------------+-------------------------+-----
Dodging        | 2 |  2.7
Stealth        | 2 4 |  4.2
Conjurations   | 5 7 8 |  8.1
Fighting       | 12 | 12.5
Short Blades   | |  0.8
Spellcasting   | |  2.8

Action                   |  1- 3 |  4- 6 |  7- 9 || total
-------------------------+-------+-------+-------++-------
Melee: Unarmed           |     5 |       |       ||     5
       Tailslap          |     4 |       |    16 ||    20
       Short sword       |    40 |     6 |       ||    46
       Hand axe          |       |    12 |   156 ||   168
       Kick              |       |       |     4 ||     4
       Bite              |       |       |     2 ||     2
 Cast: Magic Dart        |    33 |     3 |       ||    36
       Searing Ray       |    14 |    22 |    56 ||    92
 Abil: Breathe Fire      |       |       |     2 ||     2
  Use: Potion            |     2 |     6 |     5 ||    13
       Scroll            |       |     1 |     4 ||     5
 Stab: Sleeping          |       |     1 |     2 ||     3
Armor: Skin              |    35 |    12 |    84 ||   131
Dodge: Dodged            |    69 |    22 |   190 ||   281
Block: Other             |       |    11 |    70 ||    81
       Reflection        |       |       |     5 ||     5

Table legend: (Time is in decaauts)
 A = Elapsed time spent in this place.
 B = Non-inter-level travel time spent in this place.
 C = Inter-level travel time spent in this place.
 D = Time resting spent in this place.
 E = Time spent auto-exploring this place.
 F = Levels seen in this place.
 G = Mean time per level.
                   A        B        C        D        E       F      G
               +--------+--------+--------+--------+--------+-----+--------+
         Total |   7532 |   7356 |    176 |   2304 |   3818 |   5 | 1506.4 |
       Dungeon |   7532 |   7356 |    176 |   2304 |   3818 |   5 | 1506.4 |
               +--------+--------+--------+--------+--------+-----+--------+

Top non-repeatable levels by time:
     D:4: 2885 daAuts
     D:1: 1396 daAuts
     D:5: 1245 daAuts
     D:3: 1077 daAuts
     D:2: 928 daAuts
